 Dungeon Crawl Stone Soup version 0.29.1-1-gd02db6906a (webtiles) character file.

Game seed: 2415591443959530689

113 xian the Sneak (level 4, 0/42 HPs)
             Began as a Troll Brigand on Sept 23, 2022.
             Slain by a gnoll
             ... wielding a +0 spear
              (5 damage)
             ... on level 3 of the Dungeon.
             The game lasted 00:07:30 (1675 turns).

xian the Sneak (Troll Brigand)                      Turns: 1675, Time: 00:07:31

Health: 0/42       AC:  5    Str: 21    XL:     4   Next: 65%
Magic:  3/3        EV:  9    Int:  7    God:
Gold:   103        SH:  0    Dex: 11    Spells: 3/3 levels left

rFire   . . .      SeeInvis .   p - +1 dagger (chaos)
rCold   . . .      Faith    .   (no shield)
rNeg    . . .      Spirit   .   b - +0 robe
rPois   .          Reflect  .   (helmet restricted)
rElec   .          Harm     .   c - +0 cloak
rCorr   .          Rampage  .   (gloves unavailable)
Will    .....                   (boots unavailable)
Stlth   ++........              (no amulet)
HPRegen 0.94/turn               (no ring)
MPRegen 0.08/turn               (no ring)

@: no status effects
A: large, unfitting armour, claws 3, regeneration 1, shaggy fur 1, tough skin 1
a: no special abilities


You were on level 3 of the Dungeon.
You visited 1 branch of the dungeon, and saw 3 of its levels.

You collected 103 gold pieces.

Inventory:

Hand Weapons
 p - a +1 dagger of chaos (weapon)
Missiles
 a - 2 stones (quivered)
 d - 8 poisoned darts
 e - 3 curare-tipped darts
Armour
 b - a +0 robe (worn)
 c - a +0 cloak (worn)
Scrolls
 f - a scroll of fear {unknown}
 g - 2 scrolls of identify {unknown}
 j - 3 scrolls of teleportation {unknown}
 k - a scroll of enchant armour {unknown}
 l - a scroll of torment {unknown}
Potions
 h - a potion of degeneration {unknown}
 i - a potion of mutation {unknown}
 m - a potion of magic {unknown}
 n - a potion of attraction {unknown}
 o - a potion of heal wounds {unknown}


   Skills:
 + Level 2.0 Fighting
 + Level 2.3 Short Blades
 + Level 2.4 Throwing
 + Level 1.6 Dodging
 + Level 2.6 Stealth


You had 3 spell levels left.
You didn't know any spells.
Your spell library was empty.

Dungeon Overview and Level Annotations

Branches:
Dungeon (3/15)

Altars:
Makhleb
Xom

Annotations:
D:3 1 runed translucent door, holycorn's ghost, amateur MiBe


Innate Abilities, Weirdness & Mutations

You are too large for most types of armour.
You have claws for hands.
Your natural rate of healing is unusually fast.
You are covered in fur. (AC +1)
You have tough skin. (AC +1)


Message History

The orc barely misses you. The dart slug closely misses you.
You hit the orc.
You kill the orc!
The gnoll hits you but does no damage.
Your Fighting skill increases to level 2!
The gnoll hits you with a +0 spear.
Things that are here:
a +0 short sword; a +0 leather armour; an orc corpse You completely miss the gnoll.
The dart slug seems less confused.
The gnoll barely misses you.
You closely miss the gnoll. The gnoll hits you with a +0 spear.
You barely miss the gnoll. The gnoll hits you but does no damage.
The dart slug bites you.
* * * LOW HITPOINT WARNING * * *
You hit the gnoll. You burn the gnoll.
The gnoll is lightly wounded.
The gnoll hits you but does no damage.
You hit the gnoll.
You feel better.
The gnoll is moderately wounded.
The dart slug bites you.
You hit the gnoll but do no damage.
The gnoll is moderately wounded.
The gnoll hits you with a +0 spear!
* * * LOW HITPOINT WARNING * * *
You completely miss the gnoll.
The gnoll is moderately wounded.
The gnoll hits you with a +0 spear.
* * * LOW HITPOINT WARNING * * *
The dart slug barely misses you.
You completely miss the gnoll.
The gnoll is moderately wounded.
The gnoll barely misses you. The dart slug launches a dart at you.
The slug dart hits you but does no damage.
You hit the dart slug.
You kill the dart slug!
The gnoll hits you with a +0 spear.
* * * LOW HITPOINT WARNING * * *
The gnoll hits you from afar with a +0 spear.
You die...

#..# .#### .# ##.##
...#. ### #. #..#
...# .. .. ###.. ..
...###
##.#.#######....
....##...
........<...###
#.....####
#w########## #
#og).###..######### #
####@..#.......)..###
###.#.########...#
#...# ###.. ##..# ##.
#..... ## ..#.....
$#....#+#.
.##...##W## ..
...##...#


You could see a gnoll and an orc.

Vanquished Creatures
  A crimson imp (D:3)
  2 adders (D:3)
  A worm (D:2)
  4 dart slugs
  3 orcs (D:3)
  2 bats (D:1)
  3 endoplasms
  5 goblins
  4 hobgoblins
  3 kobolds
  6 quokkas
  2 ball pythons
  3 frilled lizards
  6 rats
45 creatures vanquished.

Notes
Turn   | Place    | Note
-------+----------+-------------------------------------------
     0 | D:1      | xian the Troll Brigand began the quest for the Orb.
     0 | D:1      | Reached XP level 1. HP: 19/19 MP: 0/0
   158 | D:1      | Reached XP level 2. HP: 25/27 MP: 1/1
   782 | D:2      | Reached skill level 1 in Dodging
   807 | D:2      | Found a faded altar of an unknown god.
   830 | D:2      | Reached XP level 3. HP: 26/35 MP: 2/2
  1558 | D:3      | Found a shimmering altar of Xom.
  1558 | D:3      | Found a burning altar of Makhleb.
  1562 | D:3      | Reached XP level 4. HP: 42/42 MP: 3/3
  1629 | D:3      | Noticed holycorn's ghost (amateur MiBe)
  1635 | D:3      | Found a runed translucent door.
  1675 | D:3      | Slain by a gnoll

Illustrated notes

Levels and vault maps discovered:
D:1:      dpeg_arrival_more_subterranean_lakeside_camping, layout_loops_cross
D:2:      layout_rooms, shapermc_ecumenical_altar_totnotflames,
          minmay_hedge_maze
D:3:      layout_rooms, grunt_temple_overflow_champion_of_chaos,
          hellmonk_ghost_happy_afterlife

Skill      XL: |  1  2  3  4 |
---------------+-------------+-----
Throwing       | 2 |  2.4
Dodging        | 1 |  1.6
Short Blades   | 2 |  2.3
Fighting       | 2 |  2.0
Stealth        | |  2.6

Action                   |  1- 3 |  4- 6 || total
-------------------------+-------+-------++-------
Melee: Dagger            |   156 |    34 ||   190
       Punch             |     3 |       ||     3
Throw: Stone             |    25 |     3 ||    28
       Dart              |     9 |       ||     9
 Stab: Sleeping          |     3 |       ||     3
Armor: Robe              |    46 |    12 ||    58
Dodge: Dodged            |    68 |    20 ||    88
